 Dungeon Crawl Stone Soup version 0.17-a0-719-g32c6a46 (webtiles) character file.

231531 Chiseanne the Imperceptible (level 18, -15/96 HPs)
             Began as a Spriggan Assassin on Apr 19, 2015.
             Was the Champion of Dithmenos.
             Demolished by a white very ugly thing (52 damage)
             ... on level 4 of the Vaults on Apr 20, 2015.
             The game lasted 03:50:47 (43970 turns).

Chiseanne the Imperceptible (Spriggan Assassin)    Turns: 43970, Time: 03:50:47

Health: -15/96     AC: 17    Str:  7    XL:     18   Next: 79%
Magic:  27/27      EV: 40    Int: 14    God:    Dithmenos [******]
Gold:   162        SH: 13    Dex: 28    Spells: 5 memorised, 8 levels left

rFire  . . .     SeeInvis +     s - +2 dagger (venom)
rCold  . . .     Clarity  .     P - +2 troll leather armour {Snorg}
rNeg   + . .     SustAb   .     K - +2 buckler {AC+3}
rPois  .         Gourm    .     k - +2 hat
rElec  .         Spirit   .     u - +0 cloak of Proximity {+Inv Dex+4}
rCorr  .         Warding  +     (gloves unavailable)
rMut   .         Stasis   .     (boots unavailable)
MR     +++..                    f - amulet of warding
Stlth  ++++++++++               t - +4 ring of protection
                                V - +3 ring of slaying

@: wreathed by umbra, repel missiles, very quick, extremely resistant to hostile
enchantments, uncannily stealthy
A: unfitting armour, see invisible, herbivore 3, speed 3, slow metabolism 2
a: Shadow Step, Shadow Form, Renounce Religion, Evoke Invisibility
}: 1/15 runes: decaying


You were on level 4 of the Vaults.
You worshipped Dithmenos.
Dithmenos was exalted by your worship.
You were full.

You visited 6 branches of the dungeon, and saw 37 of its levels.
You visited 1 bazaar.
You also visited: Wizlab.

You collected 3957 gold pieces.
You spent 3795 gold pieces at shops.

Inventory:

Hand weapons
 a - a +6 dagger of electrocution
 d - a +2 falchion of holy wrath
 s - a +2 dagger of venom (weapon)
 w - a +0 blowgun
Missiles
 e - 303 bolts
 m - 21 tomahawks
 o - 28 bolts of penetration
 F - 26 poisoned needles
 G - 31 bolts of frost
 H - 5 throwing nets
 J - 10 silver bolts
 L - 2 tomahawks of returning (quivered)
 R - 22 poisoned bolts
 T - 3 curare-tipped needles
 Y - 2 needles of sleeping
Armour
 k - a +2 hat (worn)
 u - the +0 cloak of Proximity (worn) {+Inv Dex+4}
   (You found it on level 7 of the Dungeon)

   It affects your dexterity (+4).
   It lets you turn invisible.
 K - a +2 buckler of protection (worn)
 P - a +2 troll leather armour (worn) {Snorg}
Jewellery
 f - an amulet of warding (around neck)
 n - an uncursed amulet of clarity
 t - a +4 ring of protection (right hand)
 V - a +3 ring of slaying (left hand)
Magical devices
 v - a wand of enslavement (7)
 y - a wand of teleportation (4)
 B - a wand of paralysis (4)
 E - a wand of digging (5)
 I - a wand of confusion (20)
 N - a wand of hasting (5)
 Q - a wand of hasting (6)
 X - a wand of disintegration (10)
 Z - a wand of enslavement (8)
Scrolls
 h - 6 scrolls of remove curse
 C - a scroll of fog
 D - 7 scrolls of teleportation
 O - a scroll of blinking
 S - 3 scrolls of recharging
 U - 20 scrolls of identify
Potions
 b - 18 potions of curing
 c - 6 potions of resistance
 i - 3 potions of flight
 j - 2 potions of might
 l - 6 potions of restore abilities
 p - 7 potions of heal wounds
 q - 5 potions of haste
 z - 3 potions of berserk rage
 A - 3 potions of invisibility
 M - 3 potions of agility
 W - 2 potions of cure mutation
Miscellaneous
 r - a phantom mirror
 x - a sack of spiders {used: 6}
Comestibles
 g - 18 bread rations


   Skills:
 - Level 11.4 Fighting
 - Level 10.0 Short Blades
 - Level 2.1 Throwing
 - Level 5.8 Armour
 - Level 20.7 Dodging
 + Level 25.4 Stealth
 - Level 10.2 Shields
 - Level 10.9 Invocations
 - Level 10.0 Evocations


You had 8 spell levels left.
You knew the following spells:

 Your Spells              Type           Power        Failure   Level  Hunger
a - Apportation           Tloc           #.........   38%         1    ##.....
b - Blink                 Tloc           N/A          65%         2    ###....
c - Repel Missiles        Chrm/Air       #.....       65%         2    ###....
d - Shroud of Golubria    Chrm/Tloc      #.........   65%         2    ###....
e - Swiftness             Chrm/Air       #.......     65%         2    ###....


Dungeon Overview and Level Annotations

Branches:
Dungeon (15/15)            Temple (1/1) D:6            Lair (8/8) D:9
  Swamp (5/5) Lair:4       Spider (0/5) Lair:6        Slime (0/6) Lair:7
    Orc (4/4) D:9             Elf (0/3) Orc:4        Vaults (4/5) D:13
  Crypt (0/3) Vaults:3     Depths (0/5) D:15

Altars:
Ashenzari
Cheibriados
Dithmenos
Elyvilon
Fedhas
Gozag
Kikubaaqudgha
Makhleb
Nemelex Xobeh
Okawaru
Qazlal
Ru
Sif Muna
Trog
Vehumet
Xom
Yredelemnul
Zin
The Shining One
Beogh
Jiyva

Shops:
D:7 ?   Orc:4 }((!:   Vaults:1 [   Vaults:2 [*}   Vaults:3 *

Annotations:
D:6 Chiseanne's ghost, experienced SpAs


Innate Abilities, Weirdness & Mutations

You are tiny and cannot use many weapons and most armour.
You have supernaturally acute eyesight.
You are a herbivore.
You cover ground extremely quickly.
You need consume almost no food.


Message History

The tomahawk of returning closely misses the white very ugly thing.
The tomahawk of returning closely misses the red very ugly thing.
The tomahawk of returning returns to your pack!
Your shadow throws a tomahawk.
The tomahawk hits the white very ugly thing but does no damage.
The white very ugly thing is almost dead.
The tomahawk disappears in a puff of smoke!
Throwing (i - inventory. (,) - cycle):
L - 2 tomahawks of returning (quivered)
Press: ? - help, Shift-Dir - straight line, f/p - white very ugly thing
Aim: a white very ugly thing (almost dead, poisoned, umbra)
You throw a tomahawk of returning.
The tomahawk of returning closely misses the white very ugly thing.
The tomahawk of returning hits the red very ugly thing.
The red very ugly thing is heavily wounded.
The tomahawk of returning returns to your pack!
The white very ugly thing trunk-slaps you!!
You emit a cloud of dark smoke.
The white very ugly thing freezes you!!!
Ouch! That really hurt!
You die...

###8§8### #§†.#
####'######
#.........#
#.........#
#.........#
#...u.....#
#...u.....#
#..§@§....#
########§#######
#.........#
#.........#
#.........#
#.........#
#.........#
#+##'#########
#.........#


You could see 2 very ugly things.

Vanquished Creatures
  Mara (Swamp:3)
  Mennas (Vaults:3)
  Saint Roka (Vaults:3)
  A lich (Vaults:2)
  2 tengu reavers
  The ghost of BluebellGnoll the Imperceptible, a mighty SpEn of Dithmenos (Vaults:3)
  A thorn hunter (Swamp:4)
  A sphinx (Vaults:3)
  Kirke (Swamp:2)
  Donald (D:12)
  A frost giant (Vaults:3)
  A fire giant (D:15)
  Louise (Swamp:2)
  6 vault wardens
  12 ironheart preservers
  5 very ugly things
  4 stone giants (Vaults:2)
  A deep elf demonologist (Vaults:3)
  Snorg (Orc:4)
  An ettin (Orc:4)
  A deep elf death mage (Vaults:3)
  3 yaktaur captains
  A great orb of eyes (Vaults:3)
  11 hydras
  A fire dragon (Vaults:3)
  8 vault guards
  Fannar (Lair:1)
  2 ice dragons
  Harold (Orc:2)
  15 ogre magi
  2 tengu warriors
  3 alligators
  9 death yaks
  7 centaur warriors
  2 salamander stormcallers
  The ghost of WhatIsLove the Thaumaturge, a powerful DEEn of Sif Muna (Lair:3)
  A spriggan (Swamp:1)
  Sonja (D:10)
  Nergalle (Orc:2)
  An orc high priest (Orc:3)
  2 unseen horrors (Vaults:1)
  2 fire crabs
  A shadow wraith (Vaults:3)
  2 wizards
  3 deep trolls
  The ghost of ontamu the Fighter, an experienced GrFi of Okawaru (D:8)
  A flayed ghost (Vaults:1)
  6 hill giants
  10 orc knights
  3 swamp dragons
  8 ironbrand convokers
  3 griffons
  2 wolf spider zombies (D:15)
  A hornet (Vaults:2)
  37 ugly things
  4 wolf spiders
  A deep elf conjurer (Vaults:3)
  8 harpies
  2 orc sorcerers
  An oklob plant (Lair:6)
  7 cyclopes
  10 elephants
  Maurice (Orc:2)
  4 vault sentinels
  6 black mambas
  Joseph (D:8)
  2 centaur zombies
  Psyche (D:9)
  16 spiny frogs
  4 centaur skeletons
  12 komodo dragons
  A gargoyle (D:15)
  3 kobold demonologists
  A fire drake (Lair:5)
  31 yaktaurs
  A deep elf priest (Vaults:3)
  10 trolls
  2 tengu conjurers
  6 polar bears
  22 two-headed ogres
  4 giant leeches
  Grinder (D:3)
  35 slime creatures
  Prince Ribbit (D:5)
  A blink frog (shapeshifter) (Vaults:2)
  A trapdoor spider zombie (D:11)
  2 freezing wraiths (Vaults:3)
  4 bog bodies
  A human simulacrum (Vaults:2)
  9 ravens
  2 boulder beetles
  22 blink frogs
  24 yaks
  A tarantella (shapeshifter) (Vaults:3)
  A wraith (D:11)
  A water elemental (D:13)
  2 hill giant zombies (WizLab)
  31 vampire mosquitoes
  9 humans
  A deep elf mage (D:15)
  6 wyverns
  4 vampires
  4 hogs (D:7)
  3 hungry ghosts
  A golden eye (shapeshifter) (Vaults:1)
  A basilisk (Lair:7)
  12 hippogriffs
  4 deep elf fighters
  4 mottled dragons
  7 wolves
  Menkaure (D:4)
  4 insubstantial wisps (Swamp:4)
  9 swamp worms
  13 porcupines
  7 wargs
  15 water moccasins
  4 swamp drakes
  An ice beast (D:6)
  30 orc warriors
  2 wasps
  An eye of draining (D:13)
  4 black bears (D:7)
  74 ogres
  4 sky beasts
  3 phantoms
  14 crocodiles
  18 centaurs
  3 big kobolds
  A deep troll simulacrum (Vaults:3)
  41 giant frogs
  A wyvern zombie (D:6)
  4 scorpions
  An orc simulacrum (Vaults:1)
  6 troll zombies (WizLab)
  5 electric eels
  11 killer bees
  2 giant frog zombies (D:5)
  3 wights (WizLab)
  4 goliath beetles (Lair:6)
  11 crimson imps
  3 giant frog skeletons
  10 iguanas
  17 orc priests
  5 hounds
  6 jellies
  Jessica (D:2)
  2 hell rats (Lair:2)
  25 orc wizards
  7 worker ants
  A boulder beetle simulacrum (Vaults:1)
  19 sheep
  5 ogre zombies (WizLab)
  A worker ant zombie (D:7)
  15 gnolls
  41 river rats
  15 adders
  8 shadow imps
  12 white imps (Orc:2)
  7 oozes
  6 worms
  178 orcs
  16 bats
  A bat skeleton (D:6)
  20 hobgoblins
  2 jackals (D:9)
  31 kobolds
  8 quokkas
  3 ball pythons
  A ball python skeleton (D:6)
  8 giant cockroaches
  5 giant geckos
  A giant gecko zombie (D:8)
  2 giant spores
  16 goblins
  A kobold zombie (D:5)
  14 rats
  9 ballistomycetes
  2 butterflies
  7 fungi
  2 plants
1384 creatures vanquished.

Vanquished Creatures (collateral kills)
  Rupert (D:13)
  2 dire elephants (Lair:4)
  A skeletal warrior (D:12)
  6 elephants (Lair:4)
  A kobold demonologist (D:13)
  An efreet (D:13)
  A wyvern (Lair:6)
  A trapdoor spider (D:13)
  8 humans
  A swamp drake (Swamp:5)
  An eye of draining (D:13)
  A necrophage (D:13)
  A phantom (D:13)
  2 centaurs (D:13)
  A crocodile (Lair:4)
  2 giant frogs
  An orc priest (D:13)
  An iguana (Lair:4)
  2 river rats (Lair:5)
35 creatures vanquished.

Vanquished Creatures (others)
  A vault warden (Vaults:2)
  An ettin (Vaults:3)
  A deep troll earth mage (Vaults:3)
  A vault sentinel (Vaults:1)
  A yaktaur (Vaults:1)
  A boulder beetle (Vaults:2)
  12 trapdoor spiders
  5 redbacks
  A swamp worm (Swamp:4)
  An orc warrior (Orc:2)
  4 spiders
  An ogre (Vaults:3)
  A jelly (D:8)
  A killer bee (D:12)
  An orc priest (Orc:2)
  An ufetubus (Orc:3)
  8 orcs
  A giant spore (D:8)
  4 fungi (Lair:8)
  A plant (Lair:8)
48 creatures vanquished.

Grand Total: 1467 creatures vanquished

Notes
Turn   | Place    | Note
--------------------------------------------------------------
     0 | D:1      | Chiseanne, the Spriggan Assassin, began the quest for the Orb.
     0 | D:1      | Reached XP level 1. HP: 10/10 MP: 2/2
    22 | D:1      | Reached skill level 6 in Stealth
    47 | D:1      | Reached XP level 2. HP: 12/14 MP: 3/3
   345 | D:1      | Reached skill level 7 in Stealth
   740 | D:2      | Reached XP level 3. HP: 15/18 MP: 4/4
   776 | D:2      | Noticed Jessica
   788 | D:2      | Killed Jessica
  1035 | D:2      | Found a sacrificial altar of Ru.
  1142 | D:2      | Reached XP level 4. HP: 23/23 MP: 5/5
  1190 | D:2      | Reached skill level 8 in Stealth
  1750 | D:3      | Noticed Grinder
  2264 | D:3      | Reached XP level 5. HP: 26/26 MP: 6/6
  2508 | D:3      | Reached skill level 9 in Stealth
  2851 | D:4      | Found a basalt altar of Yredelemnul.
  3089 | D:4      | Noticed an ogre
  3128 | D:4      | Killed an ogre
  3128 | D:4      | Reached skill level 10 in Stealth
  3128 | D:4      | Reached XP level 6. HP: 30/30 MP: 7/7
  3248 | D:4      | Noticed Menkaure
  3260 | D:4      | Killed Menkaure
  3260 | D:4      | Reached skill level 5 in Dodging
  3533 | D:5      | Entered Level 5 of the Dungeon
  3671 | D:5      | Reached XP level 7. HP: 15/35 MP: 8/8
  3879 | D:5      | Reached skill level 11 in Stealth
  4031 | D:5      | Noticed Prince Ribbit
  4065 | D:5      | Killed Prince Ribbit
  4278 | D:5      | Found a bloodstained altar of Trog.
  4881 | D:6      | Found a staircase to the Ecumenical Temple.
  4889 | Temple   | Entered the Ecumenical Temple
  4897 | Temple   | Became a worshipper of Dithmenos the Shadowed
  4910 | D:6      | Reached skill level 12 in Stealth
  4910 | D:6      | Reached XP level 8. HP: 39/39 MP: 9/9
  4961 | D:6      | Found a shimmering altar of Xom.
  5638 | D:6      | Found an ancient bone altar of Kikubaaqudgha.
  5768 | D:6      | Noticed Chiseanne's ghost (experienced SpAs)
  5833 | D:5      | Found a deep blue altar of Sif Muna.
  6035 | D:5      | Reached skill level 10 in Dodging
  7071 | D:7      | Found Oxalukki's Magic Scroll Shoppe.
  7135 | D:7      | Bought a scroll of vulnerability for 105 gold pieces
  7135 | D:7      | Bought a scroll of identify for 28 gold pieces
  7135 | D:7      | Bought a scroll of identify for 28 gold pieces
  7135 | D:7      | Bought a scroll of magic mapping for 49 gold pieces
  7135 | D:7      | Bought 3 scrolls of teleportation for 126 gold pieces
  7146 | D:7      | Found an opulent altar of Gozag.
  7196 | D:7      | Found a huge runed gate.
  7197 | D:7      | Found a huge runed gate.
  7197 | D:7      | Found a huge runed gate.
  7197 | D:7      | Found a huge runed gate.
  7197 | D:7      | Noticed a polar bear
  7198 | D:7      | Noticed a polar bear
  7200 | D:7      | Noticed a polar bear
  7200 | D:7      | Noticed a polar bear
  7200 | D:7      | Noticed a polar bear
  7206 | D:7      | Noticed a polar bear
  7277 | D:7      | Reached XP level 9. HP: 44/44 MP: 10/10
  7440 | D:7      | Got a crude cloak
  7451 | D:7      | Identified the cursed +0 cloak of Proximity {+Inv Dex+4} (You found it on level 7 of the Dungeon)
  8069 | D:7      | Killed a polar bear
  8069 | D:7      | Reached skill level 13 in Stealth
  8070 | D:7      | Killed a polar bear
  8070 | D:7      | Reached skill level 1 in Evocations
  8096 | D:7      | Reached skill level 14 in Stealth
  8329 | D:7      | Killed a polar bear
  8656 | D:7      | Killed a polar bear
  8745 | D:7      | Acquired Dithmenos's first power
  8827 | D:7      | Reached XP level 10. HP: 41/49 MP: 13/13
  8989 | D:7      | Killed a polar bear
  9440 | D:8      | Found a deep blue altar of Sif Muna.
  9495 | D:8      | Noticed Joseph
  9552 | D:8      | Noticed ontamu's ghost (experienced GrFi)
  9853 | D:8      | Killed Joseph
  9853 | D:8      | Reached skill level 15 in Stealth
 11819 | D:8      | Acquired Dithmenos's second power
 12002 | D:9      | Found a staircase to the Orcish Mines.
 12022 | D:9      | Reached skill level 16 in Stealth
 12079 | D:9      | Noticed Psyche
 12439 | D:9      | Found a roughly hewn altar of Beogh.
 12474 | D:9      | Reached skill level 15 in Dodging
 12559 | D:9      | Found a staircase to the Lair.
 12805 | Lair:1   | Entered Level 1 of the Lair of Beasts
 12920 | D:9      | Reached skill level 5 in Evocations
 13072 | D:9      | Reached XP level 11. HP: 52/52 MP: 15/15
 13187 | D:9      | Acquired Dithmenos's third power
 13249 | D:9      | Killed Psyche
 13377 | Orc:1    | Entered Level 1 of the Orcish Mines
 13429 | Orc:1    | Found a bloodstained altar of Trog.
 13663 | Orc:1    | Reached skill level 17 in Stealth
 13908 | Orc:2    | Noticed Maurice
 14142 | Orc:2    | Noticed Nergalle
 14172 | Orc:2    | Killed Nergalle
 14278 | Orc:2    | Found a frozen archway.
 14699 | Orc:2    | Killed Maurice
 15253 | Orc:2    | Acquired Dithmenos's fourth power
 15315 | Orc:2    | Noticed Harold
 15319 | Orc:2    | Killed Harold
 15681 | Orc:3    | Found an iron altar of Okawaru.
 16174 | Orc:4    | Entered Level 4 of the Orcish Mines
 16176 | Orc:4    | Noticed Snorg
 16192 | Orc:4    | Found a staircase to the Elven Halls.
 16209 | Orc:4    | Killed Snorg
 16209 | Orc:4    | Reached skill level 18 in Stealth
 16388 | Orc:4    | Found Vethalol's Gadget Boutique.
 16400 | Orc:4    | Noticed an orc high priest
 16406 | Orc:4    | Noticed a sun demon
 16626 | Orc:3    | Noticed a soul eater
 16627 | Orc:3    | Killed an orc high priest
 17011 | Orc:4    | Bought a wand of hasting (1) for 390 gold pieces
 17077 | Orc:4    | Found Wafopezu's Weapon Shoppe.
 17079 | Orc:4    | Noticed an ettin
 17081 | Orc:4    | Found Vasiw's Weapon Emporium.
 17081 | Orc:4    | Noticed an ogre mage
 17106 | Orc:4    | Noticed a deep troll
 17115 | Orc:4    | Reached XP level 12. HP: 44/57 MP: 18/18
 17196 | Orc:4    | Killed an ogre mage
 17196 | Orc:4    | Reached skill level 19 in Stealth
 17617 | Orc:4    | Noticed a hill giant
 17635 | Orc:4    | Noticed a deep troll
 17779 | Orc:3    | Killed a hill giant
 18631 | Orc:4    | Killed an ettin
 18662 | Orc:4    | Found Utag's Distillery.
 18662 | Orc:4    | Noticed an ogre mage
 18700 | Orc:4    | Killed an ogre mage
 18703 | Orc:4    | Found Kuonen's Book Shoppe.
 18934 | Orc:4    | Bought 2 potions of agility for 128 gold pieces
 18934 | Orc:4    | Bought a potion of curing for 48 gold pieces
 18934 | Orc:4    | Bought a potion of curing for 48 gold pieces
 18934 | Orc:4    | Bought a potion of curing for 48 gold pieces
 19061 | D:10     | Entered Level 10 of the Dungeon
 19129 | D:10     | Reached skill level 20 in Stealth
 19316 | D:10     | Noticed Sonja
 19320 | D:10     | Killed Sonja
 20178 | D:11     | Learned a level 1 spell: Apportation
 20181 | D:11     | Learned a level 2 spell: Blink
 20184 | D:11     | Learned a level 2 spell: Repel Missiles
 20187 | D:11     | Learned a level 2 spell: Shroud of Golubria
 20190 | D:11     | Learned a level 2 spell: Swiftness
 21250 | D:12     | Reached XP level 13. HP: 60/60 MP: 20/20
 21461 | D:13     | Found a gate to the Vaults.
 21461 | D:13     | Noticed Donald
 21461 | D:13     | Noticed Rupert
 21725 | Lair:1   | Noticed a five-headed hydra
 21730 | Lair:1   | Killed a five-headed hydra
 21730 | Lair:1   | Reached skill level 21 in Stealth
 21733 | Lair:1   | Noticed Fannar
 21739 | Lair:1   | Killed Fannar
 22230 | Lair:1   | Got a shimmering leather armour
 24033 | Lair:3   | Reached skill level 22 in Stealth
 24092 | Lair:3   | Noticed WhatIsLove's ghost (powerful DEEn)
 24110 | Lair:3   | Killed WhatIsLove's ghost
 24878 | Lair:3   | Reached skill level 1 in Armour
 24927 | Lair:3   | Gained mutation: Your body is slowly deteriorating. [mutagenic glow]
 25263 | Orc:4    | Bought a potion of cure mutation for 560 gold pieces
 25263 | Orc:4    | Lost mutation: Your body is slowly deteriorating. [potion of cure mutation]
 25264 | Orc:4    | Bought a potion of haste for 160 gold pieces
 25264 | Orc:4    | Bought a potion of mutation for 40 gold pieces
 25297 | Orc:4    | Bought a sack of spiders for 260 gold pieces
 25297 | Orc:4    | Bought a sack of spiders for 260 gold pieces
 25297 | Orc:4    | Bought a wand of paralysis (10) for 156 gold pieces
 25656 | Lair:4   | Noticed a dire elephant
 25692 | Lair:4   | Killed a dire elephant
 25782 | Lair:4   | Noticed a dire elephant
 25803 | Lair:4   | Killed a dire elephant
 25803 | Lair:4   | Reached skill level 23 in Stealth
 25909 | Lair:4   | Found a staircase to the Swamp.
 25937 | Lair:4   | Found a glowing silver altar of Zin.
 26387 | Lair:5   | Reached skill level 10 in Evocations
 26533 | Lair:5   | Identified a scroll of acquirement
 26555 | Lair:5   | Reached XP level 14. HP: 65/65 MP: 22/22
 26768 | Lair:5   | Reached skill level 1 in Shields
 26928 | Lair:5   | Reached skill level 1 in Invocations
 27052 | Lair:6   | Found a hole to the Spider Nest.
 27916 | Lair:7   | Got a crude hunting sling
 27917 | Lair:7   | Identified the cursed +2 hunting sling of Fixation {freeze, MR+ Str+5 Dex+3} (You found it on level 7 of the Lair of Beasts)
 28305 | Lair:7   | Found a runed door.
 28306 | Lair:7   | Found a viscous altar of Jiyva.
 28309 | Lair:7   | Found a staircase to the Slime Pits.
 28457 | Lair:8   | Entered Level 8 of the Lair of Beasts
 28751 | Lair:8   | Reached skill level 5 in Short Blades
 30513 | D:8      | Killed ontamu's ghost
 30772 | D:3      | Killed Grinder
 31364 | D:12     | Reached skill level 5 in Shields
 31423 | D:12     | Killed Donald
 31423 | D:12     | Reached XP level 15. HP: 61/68 MP: 23/23
 31545 | D:13     | Killed Rupert
 32539 | D:14     | Reached skill level 5 in Invocations
 32846 | D:14     | Found a gate to the Vaults.
 33479 | D:14     | Got a smoking hunting sling
 33480 | D:14     | Identified the +3 hunting sling of Twilight {velocity, rPois rN+ Str-2 Dex-3} (You found it on level 14 of the Dungeon)
 33676 | D:15     | Entered Level 15 of the Dungeon
 33729 | D:15     | Found a staircase to the Depths.
 33890 | D:15     | Reached skill level 10 in Short Blades
 34746 | Swamp:1  | Entered Level 1 of the Swamp
 34899 | Swamp:2  | Noticed Kirke
 34903 | Swamp:2  | Killed Kirke
 35038 | Swamp:2  | Reached skill level 5 in Armour
 35051 | Swamp:2  | Identified a +0 rod of clouds (13/13) (You found it on level 2 of the Swamp)
 35113 | Swamp:2  | Noticed Louise
 35119 | Swamp:2  | Killed Louise
 35119 | Swamp:2  | Reached XP level 16. HP: 74/74 MP: 17/24
 35148 | Swamp:3  | Noticed Mara
 35151 | Swamp:3  | Killed Mara
 36066 | Swamp:5  | Entered Level 5 of the Swamp
 36148 | Swamp:5  | Got a decaying rune of Zot
 36479 | Lair:1   | Upgraded the game from 0.17-a0-688-g21a41e9 to 0.17-a0-719-g32c6a46
 36555 | Vaults:1 | Entered Level 1 of the Vaults
 36555 | Vaults:1 | Found Kesak's Armour Emporium.
 36601 | Vaults:1 | Reached skill level 5 in Fighting
 36750 | Vaults:1 | Found a magical portal.
 36782 | WizLab   | Entered Zonguldrok's Shrine
 37720 | Vaults:1 | Reached skill level 10 in Shields
 38535 | Vaults:1 | Reached XP level 17. HP: 73/82 MP: 25/25
 38918 | Vaults:2 | Found Oblitzokha's Armour Emporium.
 38922 | Vaults:2 | Found a flickering gateway to a bazaar.
 38947 | Bazaar   | Entered a bazaar
 38989 | Bazaar   | Found Lataj's Book Shop.
 38989 | Bazaar   | Found Leolap's Food Boutique.
 39016 | Bazaar   | Found Sucecas's Distillery.
 39036 | Bazaar   | Found Jotauhod's General Store.
 39041 | Bazaar   | Bought a cursed -4 ring of intelligence for 28 gold pieces
 39044 | Bazaar   | Bought a scroll of recharging for 133 gold pieces
 39044 | Bazaar   | Bought a scroll of enchant armour for 105 gold pieces
 39044 | Bazaar   | Bought a slice of pizza for 21 gold pieces
 39065 | Bazaar   | Bought a potion of magic for 144 gold pieces
 39068 | Bazaar   | Bought a potion of haste for 180 gold pieces
 39068 | Bazaar   | Bought a potion of haste for 180 gold pieces
 39068 | Bazaar   | Bought a potion of might for 72 gold pieces
 39068 | Bazaar   | Bought 2 potions of curing for 108 gold pieces
 39068 | Bazaar   | Bought a potion of resistance for 180 gold pieces
 39083 | Bazaar   | Bought a bread ration for 50 gold pieces
 39083 | Bazaar   | Bought a bread ration for 50 gold pieces
 39083 | Bazaar   | Bought a bread ration for 50 gold pieces
 39130 | Bazaar   | Bought a slice of pizza for 15 gold pieces
 39130 | Bazaar   | Bought a slice of pizza for 15 gold pieces
 39276 | Vaults:2 | Noticed a lich
 39288 | Vaults:2 | Killed a lich
 39531 | Vaults:2 | Found Jathav's Gadget Boutique.
 39845 | Vaults:2 | Found Irhoeti's Assorted Antiques.
 40905 | Vaults:2 | Reached skill level 10 in Fighting
 41151 | Vaults:2 | Reached skill level 10 in Invocations
 41405 | Vaults:3 | Noticed BluebellGnoll's ghost (mighty SpEn)
 41472 | Vaults:3 | Killed BluebellGnoll's ghost
 41525 | Vaults:3 | Found a staircase to the Crypt.
 41525 | Vaults:3 | Found an ancient bone altar of Kikubaaqudgha.
 41526 | Vaults:3 | Found a basalt altar of Yredelemnul.
 41818 | Vaults:3 | Reached XP level 18. HP: 95/95 MP: 26/26
 42071 | Vaults:3 | Noticed Saint Roka
 42096 | Vaults:3 | Killed Saint Roka
 42107 | Vaults:3 | Reached skill level 24 in Stealth
 42177 | Vaults:3 | Noticed Mennas
 42420 | Vaults:3 | Killed Mennas
 42571 | Vaults:3 | Found an iron altar of Okawaru.
 42590 | Vaults:3 | Found Fekleufi's General Store.
 42598 | Vaults:3 | Bought a scroll of identify for 30 gold pieces
 43654 | Vaults:4 | Reached skill level 25 in Stealth
 43970 | Vaults:4 | Demolished by a white very ugly thing

Action                   |  1- 3 |  4- 6 |  7- 9 | 10-12 | 13-15 | 16-18 || total
-------------------------+-------+-------+-------+-------+-------+-------++-------
Melee: Dagger            |    92 |   116 |   407 |  1261 |  1349 |  1610 ||  4835
       Rapier            |       |       |    47 |       |       |       ||    47
       Short sword       |       |       |    34 |       |       |       ||    34
       Falchion          |       |       |       |    74 |    48 |   128 ||   250
       Hand axe          |       |       |       |       |    50 |       ||    50
 Fire: Blowgun           |     3 |    60 |   135 |   174 |    42 |    16 ||   430
Throw: Tomahawk          |       |       |       |    13 |     5 |     4 ||    22
       Throwing net      |       |       |       |     1 |       |       ||     1
 Cast: Repel Missiles    |       |       |       |       |       |     1 ||     1
Invok: Shadow Step       |       |       |       |     5 |    16 |     9 ||    30
 Abil: Evoke Invisibilit |       |       |     2 |    25 |    27 |    17 ||    71
Evoke: Wand              |       |     4 |     3 |     6 |    17 |     8 ||    38
       Sack of spiders   |       |       |       |       |    17 |     4 ||    21
  Use: Scroll            |     6 |     9 |     5 |    10 |    17 |    10 ||    57
       Potion            |       |       |     1 |       |     1 |    11 ||    13
 Stab: Sleeping          |    14 |    16 |    20 |    98 |   211 |   115 ||   474
       Distracted        |       |       |     3 |    13 |    30 |     8 ||    54
       Invisible         |       |       |     5 |    70 |    67 |    76 ||   218
       Confused          |       |       |       |     2 |       |     6 ||     8
       Held in net/web   |       |       |       |     1 |     1 |       ||     2
       Paralysed         |       |       |       |       |     3 |       ||     3
  Eat: Pizza             |       |     1 |       |       |     3 |     4 ||     8
       Bread ration      |       |       |     1 |     1 |       |     1 ||     3
       Royal jelly       |       |       |       |     9 |     2 |     1 ||    12
       Fruit             |       |       |       |     5 |    20 |    12 ||    37
